 Dungeon Crawl Stone Soup version 0.28-a0-312-gbced6e68ee (webtiles) character file.

Game seed: 14185861514702611991

70 solopath the Ruffian (level 4, 0/37 HPs)
             Began as a Draconian Transmuter on Aug 31, 2021.
             Killed by divine providence
             ... invoked by an orc priest
              (8 damage)
             ... on level 3 of the Dungeon.
             The game lasted 00:02:36 (2900 turns).

solopath the Ruffian (Draconian Transmuter)         Turns: 2900, Time: 00:02:37

Health: 0/37       AC:  5    Str: 13    XL:     4   Next: 4%
Magic:  7/7        EV: 12    Int: 14    God:
Gold:   143        SH:  0    Dex: 11    Spells: 6/7 levels left

rFire   . . .      SeeInvis .     - Unarmed
rCold   . . .      Faith    .   (no shield)
rNeg    . . .      Spirit   .   (armour unavailable)
rPois   .          Reflect  .   (helmet restricted)
rElec   .          Harm     .   (no cloak)
rCorr   .          Rampage  .   (no gloves)
Will    .....                   (no boots)
Stlth   +.........              (no amulet)
HPRegen 0.12/turn               (no ring)
MPRegen 0.10/turn               (no ring)

@: no status effects
A: AC +5, unfitting armour, cold-blooded
a: no special abilities


You were on level 3 of the Dungeon.
You visited 1 branch of the dungeon, and saw 3 of its levels.

You collected 143 gold pieces.

Inventory:

Wands
 i - a wand of mindburst (16)
Scrolls
 e - a scroll of fear {unknown}
 f - a scroll of magic mapping {unknown}
 g - 2 scrolls of identify {unknown}
 j - a scroll of fog {unknown}
Potions
 a - a potion of haste {unknown}
 b - a potion of berserk rage {unknown}
 c - a potion of curing {unknown}
 d - a potion of lignification {unknown}
 h - a potion of heal wounds {unknown}


   Skills:
 + Level 2.5 Fighting
 - Level 1.7 Dodging
 * Level 4.4 Unarmed Combat
 - Level 2.0 Spellcasting
 - Level 2.0 Transmutations


You had 6 spell levels left.
You knew the following spells:

 Your Spells              Type           Power      Damage    Failure   Level
a - Beastly Appendage     Tmut           14%        N/A       11%         1

Your spell library contained the following spells:

 Spells                   Type           Power      Damage    Failure   Level
 Wereblood                Tmut           7%         N/A       16%         2
 Slow                     Hex            1%         N/A       34%         2
 Spider Form              Tmut/Pois      2%         N/A       43%         3
 Confusing Touch          Hex            1%         N/A       56%         3
 Frozen Ramparts          Ice            2%         1d2       56%         3
 Ice Form                 Ice/Tmut       4%         N/A       83%         4
 Summon Ice Beast         Ice/Summ       1%         N/A       93%         4
 Yara's Violent Unravell  Hex/Tmut       2%         3d3       99%         5


Dungeon Overview and Level Annotations

Branches:
Dungeon (3/15)

Altars:

Shops:
D:1 ?

Annotations:
D:3 Sigmund


Innate Abilities, Weirdness & Mutations

Your plain brown scales are hard. (AC +5)
You cannot fit into any form of body armour.
You are cold-blooded and may be slowed by cold attacks.


Message History

A goblin is nearby!
A goblin is nearby!
An orc priest comes into view.
It is wielding a +0 trident. 2 orcs and Sigmund come into view.
Sigmund shouts!
The orc priest shouts!
The orc shouts!
You hear an angry hiss.
An orc wizard comes into view. It is wielding a +0 dagger.
The orc priest invokes the aid of Beogh against you.
Pain shoots through your body!
Sigmund moves out of view.
The orc wizard moves out of view.
You closely miss the goblin. The goblin hits you but does no damage.
You barely miss the goblin. The goblin barely misses you.
You closely miss the goblin.
The orc shouts!
The orc priest calls down the wrath of Beogh upon you.
Beogh smites you! The goblin hits you with a +0 club.
The orc wizard shouts!
You are too injured to fight recklessly!
You are too injured to fight recklessly!
You are too injured to fight recklessly!
You are too injured to fight recklessly!
You are too injured to fight recklessly!
You are too injured to fight recklessly!
You are too injured to fight recklessly!
You are too injured to fight recklessly!
You are too injured to fight recklessly!
You are too injured to fight recklessly!
Unknown command.
Sigmund mumbles some strange words.
Sigmund flickers and vanishes!
Deactivating autopickup; reactivate with Ctrl-A.
The orc priest looks encouraged for a moment.
The orc priest mumbles some strange prayers to Beogh against you.
Beogh smites you!
* * * LOW HITPOINT WARNING * * *
The goblin closely misses you.
The orc priest looks encouraged for a moment.
The goblin barely misses you.
The orc priest calls down the wrath of Beogh upon you.
Beogh smites you!
You die...

.........###.#.....#...........
.........###.##..###.........##
..>.....###..#..## #...........
###.##..###.##...###..........#
#.#..#...........#...........
#...#.......................#
##.........................##
#...........†.......##......
#.#...)....@.g..o.......#...
#.#................##.....## #
#....................####
#..................#.#
###.................##.#
####...#.....#......)......
###....#......................
#.<.........#####.............
....#..#....... ... .....


You could see an orc priest and a goblin.

Vanquished Creatures
  3 adders (D:2)
  A gnoll (D:1)
  A dart slug (D:2)
  2 bats
  2 endoplasms
  A giant cockroach (D:1)
  3 goblins
  4 hobgoblins
  3 quokkas
  A frilled lizard (D:1)
  4 kobolds
  7 rats
32 creatures vanquished.

Notes
Turn   | Place    | Note
-------+----------+-------------------------------------------
     0 | D:1      | solopath the Draconian Transmuter began the quest for the
                  | Orb.
     0 | D:1      | Reached XP level 1. HP: 16/16 MP: 3/3
    30 | D:1      | Found Huimp's Magic Scroll Boutique.
   442 | D:1      | Reached XP level 2. HP: 12/24 MP: 3/5
  1496 | D:2      | Reached XP level 3. HP: 29/29 MP: 4/6
  1567 | D:2      | Reached skill level 4 in Unarmed Combat
  2630 | D:2      | Reached XP level 4. HP: 31/37 MP: 5/7
  2859 | D:3      | Noticed Sigmund
  2900 | D:3      | Killed from afar by an orc priest

Illustrated notes

Levels and vault maps discovered:
D:1:      minmay_arrival_jagged, layout_basic, serial_shops, shop,
          serial_park_tiny_pond
D:2:      layout_basic, guppyfry_early_lair_pool
D:3:      layout_rooms, shapermc_ecumenical_altar_petra,
          kennysheep_generic_room_7, uniq_sigmund

Skill      XL: |  1  2  3 |
---------------+----------+-----
Fighting       | 2 |  2.5
Unarmed Combat | 4 |  4.4
Dodging        | |  1.7
Spellcasting   | |  2.0
Transmutations | |  2.0

Action                   |  1- 3 |  4- 6 || total
-------------------------+-------+-------++-------
Melee: Unarmed           |   130 |    14 ||   144
       Kick              |    10 |       ||    10
       Tailslap          |     9 |       ||     9
       Headbutt          |     5 |       ||     5
       Punch             |     1 |       ||     1
 Cast: Beastly Appendage |    18 |       ||    18
 Stab: Sleeping          |     2 |       ||     2
Armor: Skin              |    40 |     5 ||    45
Dodge: Dodged            |    76 |    14 ||    90

Table legend: (Time is in decaauts)
 A = Elapsed time spent in this place.
 B = Non-inter-level travel time spent in this place.
 C = Inter-level travel time spent in this place.
 D = Time resting spent in this place.
 E = Time spent auto-exploring this place.
 F = Levels seen in this place.
 G = Mean time per level.
                   A        B        C        D        E       F      G
               +--------+--------+--------+--------+--------+-----+--------+
         Total |   2889 |   2822 |     67 |    305 |   2171 |   3 |  963.0 |
       Dungeon |   2889 |   2822 |     67 |    305 |   2171 |   3 |  963.0 |
               +--------+--------+--------+--------+--------+-----+--------+

Top non-repeatable levels by time:
     D:1: 1482 daAuts
     D:2: 1235 daAuts
     D:3: 171 daAuts
